 Dungeon Crawl Stone Soup version 0.28.0 (webtiles) character file.

Game seed: 4202343553575552146

11 tizbic2 the Vexing (level 2, 0/24 HPs)
             Began as a Hill Orc Arcane Marksman on Feb 6, 2022.
             Succumbed to an adder's poison
             ... on level 1 of the Dungeon.
             The game lasted 00:03:35 (777 turns).

tizbic2 the Vexing (Hill Orc Arcane Marksman)        Turns: 777, Time: 00:03:36

Health: 0/24       AC:  4    Str: 12    XL:     2   Next: 25%
Magic:  1/3        EV: 11    Int: 13    God:
Gold:   32         SH:  0    Dex: 11    Spells: 2/3 levels left

rFire   . . .      SeeInvis .   f - +0 dagger
rCold   . . .      Faith    .   (no shield)
rNeg    . . .      Spirit   .   e - +0 leather armour
rPois   .          Reflect  .   (no helmet)
rElec   .          Harm     .   a - +0 cloak
rCorr   +          Rampage  .   (no gloves)
Will    .....                   (no boots)
Stlth   +.........              (no amulet)
HPRegen 0.08/turn               j - ring of resist corrosion
MPRegen 0.08/turn               (no ring)

@: lethally poisoned (0 -> -2), hasted, very quick
A: no striking features
a: no special abilities


You were on level 1 of the Dungeon.
You visited 1 branch of the dungeon, and saw 2 of its levels.

You collected 32 gold pieces.

Inventory:

Hand Weapons
 f - a +0 dagger (weapon)
 i - a +0 club
Missiles
 b - 5 javelins
 c - 2 throwing nets
 k - 21 stones
Armour
 a - a +0 cloak (worn)
 e - a +0 leather armour (worn)
 m - a +0 plate armour
Jewellery
 j - a ring of resist corrosion (left hand)
Scrolls
 d - 2 scrolls of identify {unknown}
 l - a scroll of teleportation {unknown}
Potions
 h - a potion of mutation {unknown}


   Skills:
 + Level 1.7 Fighting
 * Level 2.2 Throwing
 - Level 1.5 Dodging
 - Level 1.0 Spellcasting
 - Level 3.0 Hexes
 + Level 1.0 Invocations


You had 2 spell levels left.
You knew the following spells:

 Your Spells              Type           Power      Damage    Failure   Level
a - Slow                  Hex            32%        N/A       11%         1

Your spell library contained the following spells:

 Spells                   Type           Power      Damage    Failure   Level
 Inner Flame              Hex/Fire       4%         N/A       50%         3
 Portal Projectile        Hex/Tloc       8%         N/A       50%         3
 Cause Fear               Hex            4%         N/A       71%         4


Dungeon Overview and Level Annotations

Branches:
Dungeon (2/15)

Altars:


Message History

The adder bites you.
Your magical contamination has completely faded away.
The adder bites you.
There is a stone staircase leading up here.
The adder completely misses you.
You climb upwards.
There is a stone staircase leading down here.
You barely miss the adder. The adder bites you but does no damage.
The adder bites you.
Casting: Slow (safe; 11% risk of failure)
Confirm with . or Enter, or press ? or * to list all spells.
Aiming: Slow (safe; 11% risk of failure)
Press: ? - help, Shift-Dir - straight line, f - adder
Aim: an adder (chance to affect: 54%)
The adder seems to slow down.
You closely miss the adder. The adder bites you but does no damage.
You hit the adder but do no damage. The adder bites you.
* * * LOW HITPOINT WARNING * * *
You miss the adder. The adder misses you.
You completely miss the adder. The adder bites you.
* * * LOW HITPOINT WARNING * * *
You barely miss the adder. You miss the adder. The adder bites you.
* * * LOW HITPOINT WARNING * * *
You hit the adder.
The adder is lightly wounded.
The adder bites you.
* * * LOW HITPOINT WARNING * * *
You are lethally poisoned!
The adder poisons you!
It was a potion of haste.
You feel yourself speed up.
* * * LOW HITPOINT WARNING * * *
You feel sick. The adder completely misses you.
You closely miss the adder.
The adder is lightly wounded.
* * * LOW HITPOINT WARNING * * *
You feel sick.
You miss the adder.
The adder is lightly wounded.
You die...

#...............####.#.....#
##..........####.# #.......#####
............# #.# #............
........##### #.# ##....[.######
.........# ####.###...#....###
.........# #.........###.....###
.........####.##.#..#####........
..............##........#.###.###
...#.....#...##.@S........##...##
#...####..................#.....#
###..# #.#......#................
##.###.##...#.........#.#.....#
##.........##.........).##...##
##.......#..##.##......#.###.###
##..####.##..##.#.......#........
...####.........#.......#####....
######...##...###..##...#.....>.#


You could see an adder (slow).

Vanquished Creatures
  3 endoplasms (D:1)
  2 goblins (D:1)
  A hobgoblin (D:1)
  3 kobolds (D:1)
9 creatures vanquished.

Notes
Turn   | Place    | Note
-------+----------+-------------------------------------------
     0 | D:1      | tizbic2 the Hill Orc Arcane Marksman began the quest for
                  | the Orb.
     0 | D:1      | Reached XP level 1. HP: 16/16 MP: 2/2
   119 | D:1      | Found a faded altar of an unknown god.
   158 | D:1      | Reached XP level 2. HP: 18/23 MP: 1/3
   164 | D:1      | Reached skill level 1 in Invocations
   776 | D:1      | HP: 1/24 [poisoned by an adder]
   777 | D:1      | Succumbed to an adder's poison

Illustrated notes

Levels and vault maps discovered:
D:1:      minmay_arrival_four_houses, layout_rooms,
          shapermc_ecumenical_altar_mp_highgroup, minmay_misc_feat_enclosed
D:2:      cheibrodos_helix_gallery, layout_rooms, grunt_decor_clamped,
          minmay_3d_cube, uniq_robin, uniq_sigmund

Skill      XL: |  1  2 |
---------------+-------+-----
Throwing       | 2 |  2.2
Invocations    | 1 |  1.0
Fighting       | |  1.7
Dodging        | |  1.5
Spellcasting   | |  1.0
Hexes          | |  3.0

Action                   || total
-------------------------++-------
Melee: Dagger            ||    33
       Punch             ||     1
Throw: Javelin           ||     4
 Cast: Slow              ||    10
  Use: Potion            ||     1
Armor: Leather armour    ||     8
Dodge: Dodged            ||    24
